 Dungeon Crawl Stone Soup version 0.20-a0-2-g2b0e13a (webtiles) character file.

95019 poirepourri the Unseen (level 15, -9/70 HPs)
             Began as a Spriggan Enchanter on Oct 29, 2016.
             Was the Champion of Ashenzari.
             Killed by the raging water
             ... invoked by a water nymph
              (31 damage)
             ... on level 3 of the Shoals.
             The game lasted 01:20:18 (44456 turns).

poirepourri the Unseen (Spriggan Enchanter)        Turns: 44456, Time: 01:20:18

Health: -9/70      AC:  7    Str:  9    XL:     15   Next: 65%
Magic:  34/36      EV: 41    Int: 22    God:    Ashenzari [******]
Gold:   1360       SH: 14    Dex: 28    Spells: 9 memorised, 20 levels left

rFire  . . .     SeeInvis +     a - +4 dagger (venom) (curse)
rCold  . . .     Gourm    .     G - +1 robe {rN+} (curse)
rNeg   + . .     Faith    .     M - +1 buckler (curse)
rPois  .         Spirit   .     T - +2 hat (curse)
rElec  .         Reflect  +     o - +1 cloak (curse)
rCorr  .         Harm     .     (gloves unavailable)
MR     ++...     Clarity  +     (boots unavailable)
Stlth  ++++++....               e - +3 amulet of reflection (curse)
                                D - ring of stealth (curse)
                                y - ring of wizardry (curse)

@: mighty, brilliant, agile, very quick
A: unfitting armour, see invisible, herbivore 3, speed 3, slow metabolism 2
a: Curse Item, Scrying, Transfer Knowledge, Renounce Religion


You were on level 3 of the Shoals.
You worshipped Ashenzari.
Ashenzari was exalted by your worship.
You were full.

You visited 4 branches of the dungeon, and saw 22 of its levels.
You also visited: Sewer and Ice Cave.

You collected 1360 gold pieces.

Inventory:

Hand Weapons
 a - a cursed +4 dagger of venom (weapon)
 b - a +0 blowgun
 s - a +2 short sword of freezing
Missiles
 i - 58 poisoned needles
Armour
 o - a cursed +1 cloak (worn)
 G - a cursed +1 robe of positive energy (worn)
 L - a +1 robe of magic resistance
 M - a cursed +1 buckler (worn)
 S - +0 mottled dragon scales
 T - a cursed +2 hat (worn)
Jewellery
 e - a cursed +3 amulet of reflection (around neck)
 y - a cursed ring of wizardry (left hand)
 D - a cursed ring of stealth (right hand)
 I - an uncursed ring of stealth
 N - an uncursed ring of fire
Wands
 t - a wand of enslavement (5/24)
 F - a wand of lightning (5/15)
 J - a wand of random effects (21/48)
 P - a wand of iceblast (9/15)
 Q - a wand of iceblast (9/15)
 W - a wand of flame (23/48)
 X - a wand of flame (20/48)
 Y - a wand of acid (5/15)
Scrolls
 m - 13 scrolls of remove curse
 C - 7 scrolls of teleportation
 E - 5 scrolls of amnesia
 K - 4 scrolls of magic mapping
Potions
 g - 2 potions of berserk rage
 h - a potion of cancellation
 j - 10 potions of curing
 l - 3 potions of might
 n - a potion of flight
 p - 4 potions of agility
 u - 6 potions of lignification
 w - 3 potions of brilliance
 x - 2 potions of resistance
 z - 3 potions of ambrosia
 A - 7 potions of haste
 H - a potion of mutation
 Z - a potion of degeneration {unknown}
Books
 c - a book of Maledictions

   Spells                             Type                      Level
   a - Corona                         Hexes                        1
   b - Ensorcelled Hibernation        Hexes/Ice                    2
   c - Confuse                        Hexes                        3
   d - Tukima's Dance                 Hexes                        3
   e - Dazzling Spray                 Conjuration/Hexes            3
 k - a book of Beasts

   Spells                             Type                      Level
   a - Summon Butterflies             Summoning                    1
   b - Call Canine Familiar           Summoning                    3
   c - Summon Ice Beast               Ice/Summoning                4
   d - Summon Mana Viper              Hexes/Summoning              5
   e - Summon Hydra                   Summoning                    7
 v - a book of Necromancy

   Spells                             Type                      Level
   a - Pain                           Necromancy                   1
   b - Animate Skeleton               Necromancy                   1
   c - Vampiric Draining              Necromancy                   3
   d - Regeneration                   Charms/Necromancy            3
   e - Animate Dead                   Necromancy                   4
   f - Control Undead                 Necromancy                   4
 O - a book of Debilitation

   Spells                             Type                      Level
   a - Corona                         Hexes                        1
   b - Slow                           Hexes                        2
   c - Gell's Gravitas                Hexes/Translocation          3
   d - Inner Flame                    Hexes/Fire                   3
   e - Cause Fear                     Hexes                        4
   f - Leda's Liquefaction            Hexes/Earth                  4
 R - a book of the Earth

   Spells                             Type                      Level
   a - Leda's Liquefaction            Hexes/Earth                  4
   b - Bolt of Magma                  Conjuration/Fire/Earth       5
   c - Statue Form                    Transmutation/Earth          6
   d - Iron Shot                      Conjuration/Earth            6
   e - Shatter                        Earth                        9
 U - a book of Cantrips

   Spells                             Type                      Level
   a - Confusing Touch                Hexes                        1
   b - Animate Skeleton               Necromancy                   1
   c - Summon Small Mammal            Summoning                    1
   d - Apportation                    Translocation                1
 V - a book of Misfortune

   Spells                             Type                      Level
   a - Confusing Touch                Hexes                        1
   b - Confuse                        Hexes                        3
   c - Gell's Gravitas                Hexes/Translocation          3
   d - Petrify                        Transmutation/Earth          4
   e - Metabolic Englaciation         Hexes/Ice                    5
   f - Yara's Violent Unravelling     Hexes/Transmutation          5
Comestibles
 d - 19 fruits
 f - 13 royal jellies
 q - 13 slices of pizza
 B - 6 bread rations


   Skills:
 - Level 4.5 Fighting
 + Level 9.1(13.4) Short Blades
 + Level 12.0(16.1) Dodging
 + Level 20.6(24.0) Stealth
 + Level 4.3(7.1) Shields
 * Level 16.4 Spellcasting
 + Level 4.2(8.5) Conjurations
 + Level 14.6(18.6) Hexes
 - Level 1.3(4.1) Translocations
 - Level 4.0(8.2) Ice Magic


You had 20 spell levels left.
You knew the following spells:

 Your Spells              Type           Power        Failure   Level  Hunger
a - Corona                Hex            #######      0%          1    None
b - Ensorcelled Hibernat  Hex/Ice        ######       1%          2    None
c - Confuse               Hex            #######.     0%          3    None
d - Tukima's Dance        Hex            #######.     0%          3    None
e - Dazzling Spray        Conj/Hex       ######       1%          3    None
f - Slow                  Hex            #######.     0%          2    None
g - Gell's Gravitas       Hex/Tloc       ######....   1%          3    None
h - Cause Fear            Hex            #######...   0%          4    None
i - Summon Mana Viper     Hex/Summ       ######..     1%          5    ##.....


Dungeon Overview and Level Annotations

Branches:
Dungeon (12/15)            Temple (1/1) D:7            Lair (6/6) D:9
 Shoals (3/4) Lair:2       Spider (0/4) Lair:3        Slime (0/5) Lair:5
    Orc (0/2) D:9

Altars:
Ashenzari
Cheibriados
Dithmenos
Elyvilon
Fedhas
Gozag
Hepliaklqana
Kikubaaqudgha
Makhleb
Nemelex Xobeh
Okawaru
Qazlal
Ru
Sif Muna
Trog
Uskayaw
Vehumet
Xom
Yredelemnul
Zin
The Shining One

Shops:
D:4 (

Annotations:
Shoals:2 Polyphemus
Shoals:3 Ilsuiw


Innate Abilities, Weirdness & Mutations

You are very small and have problems with some larger weapons.
You are too small for most types of armour.
You have supernaturally acute eyesight. (SInv)
You are a herbivore.
You cover ground extremely quickly.
You need consume almost no food.


Message History

You fall into the shallow water.
Moving in this stuff is going to be slow.
A merfolk impaler and Ilsuiw come into view.
Ashenzari warns you: Ilsuiw is wielding a trident of freezing.
The merfolk impaler is wielding a trident of protection.
The water nymph gestures at you while chanting.
The water swirls and strikes you!
Casting: Confuse
Confirm with . or Enter, or press ? or * to list all spells.
Aiming: Ensorcelled Hibernation
Press: ? - help, Shift-Dir - straight line, f - Ilsuiw
Aim: Ilsuiw, wielding a trident of freezing and wearing a robe (chance to defeat MR: 0%) Ilsuiw resists with almost no effort.
The water nymph gestures at you while chanting.
The water swirls and strikes you!
You can't go up here!
Unknown command.
You can't go up here!
The water nymph points at you and mumbles some strange words.
The water swirls and strikes you!
You die...

≈≈≈≈ ≈≈≈≈≈≈≈≈≈≈≈≈≈≈≈≈≈≈≈
≈≈≈ ≈≈≈ ≈≈ ≈
≈≈≈≈≈≈≈≈≈≈≈≈≈≈≈≈≈≈ ≈≈
≈≈≈≈≈≈≈≈≈≈≈≈≈≈≈≈≈≈ ≈≈ ≈≈
≈ ≈ ≈ ≈≈≈≈≈≈≈≈≈≈≈≈≈≈≈
≈≈≈ ≈≈
≈≈≈≈≈≈≈≈≈≈≈≈≈≈≈≈≈≈≈ ≈≈ ≈
≈≈≈ ≈≈≈≈≈≈≈≈≈≈≈≈≈≈≈≈≈ ≈
≈≈ ≈
≈≈≈≈≈≈≈≈≈≈≈....(≈≈≈≈≈≈≈≈
≈ ≈ , ≈ ≈≈≈
≈,**#≈÷m..≈≈≈≈ ≈ ≈ ≈ , ≈
≈ ≈ * #@####.≈≈ ≈ ≈≈ ≈ ≈
≈ ≈ ,, #m.# , ≈≈≈ ≈ ≈ ≈≈
≈≈>**, ≈≈≈# *{{{≈ ≈ ≈
≈≈≈ , * , #≈.##,,≈ ≈ ≈≈
≈ ≈ ≈ , , ,≈...* ,≈ ≈ ≈
≈≈ ≈ ,,** * ,
.≈m≈≈,,,,,≈≈ ≈≈≈ ≈ ≈,
**,,, .###. ,≈ ≈≈≈ ≈≈
,,, ,.≈ **##*,,, ≈≈ ≈≈
≈≈ ≈≈ ≈, , ,,,≈, ,,**,,,
≈≈ ≈ ≈


You could see Ilsuiw, a merfolk impaler and a water nymph.

Vanquished Creatures
  A kraken (Shoals:2)
  Gastronok (Lair:1)
  Aizul (Shoals:2)
  2 entropy weavers (Lair:5)
  2 merfolk impalers (Shoals:2)
  11 hydras
  A merfolk avatar (Shoals:2)
  A catoblepas (Shoals:2)
  Erica (Lair:1)
  A queen ant (Lair:5)
  Urug (Lair:4)
  8 death yaks
  Sonja (Lair:1)
  A fire crab (Lair:4)
  The ghost of p0werm0de the Martial Artist, a novice DsAs of Ashenzari (Lair:1)
  14 spriggans
  3 sea snakes
  The ghost of brucemayne the Cleaver, a novice DsBe of Trog (Lair:1)
  An unseen horror (D:11)
  A necromancer (Lair:4)
  A hill giant (D:9)
  A wolf spider (Lair:3)
  Pikel (D:5)
  2 deep elf magi
  2 ugly things (D:11)
  6 fauns
  3 manticores
  A cyclops (Shoals:1)
  A siren (Shoals:3)
  13 elephants
  4 black mambas
  A torpor snail (Lair:4)
  3 water nymphs
  15 spiny frogs
  Psyche (D:9)
  A centaur skeleton (D:8)
  3 gargoyles (D:11)
  6 komodo dragons
  3 rime drakes
  2 wind drakes
  4 trolls
  4 polar bears
  9 merfolk
  A queen bee (Lair:1)
  2 two-headed ogres (D:12)
  4 hornets
  8 snapping turtles
  31 blink frogs
  8 dream sheep
  The ghost of wazuzu the Sneak, an amateur HaAs (D:4)
  6 hippogriffs
  A shadow (D:12)
  12 water elementals
  Sigmund (D:2)
  A wyvern (D:11)
  8 basilisks
  21 yaks
  4 fire bats (D:9)
  A mottled dragon (D:12)
  16 soldier ants (Lair:5)
  A hell hound (D:9)
  Duvessa (D:6)
  4 porcupines
  12 water moccasins
  An ice beast (D:10)
  10 orc warriors
  A phantom (D:11)
  8 ogres
  9 necrophages
  An eye of draining (D:12)
  5 black bears
  3 boggarts (Lair:6)
  19 centaurs
  48 wolves
  15 crocodiles
  3 big kobolds (Sewer)
  A wyvern zombie (D:6)
  12 bullfrogs
  A wyvern skeleton (D:10)
  Dowan (D:6)
  4 scorpions
  26 killer bees
  4 howler monkeys
  7 electric eels
  16 wights
  3 lava snakes
  7 crimson imps
  A quasit (D:9)
  5 orc priests
  4 centaur zombies
  2 bullfrog zombies
  9 hounds
  2 bullfrog skeletons
  Crazy Yiuf (D:6)
  2 jellies
  16 orc wizards
  7 iguanas
  24 worker ants
  3 yak simulacra (Lair:4)
  6 wolf simulacra (Lair:4)
  A killer bee zombie (D:8)
  A hound zombie (D:7)
  11 adders
  4 river rats
  3 shadow imps
  4 white imps (IceCv)
  8 ufetubi (IceCv)
  2 oozes (D:2)
  3 adder zombies
  3 adder skeletons
  2 worms (D:3)
  A dart slug (D:1)
  8 leopard geckos
  35 orcs
  2 giant cockroaches
  2 gnoll zombies (D:6)
  6 goblins
  8 hobgoblins
  19 jackals
  5 quokkas
  6 ball pythons
  19 bats
  7 frilled lizards
  23 kobolds
  45 rats
  2 river rat simulacra (Lair:4)
  3 fire vortices (D:9)
  A plant (Shoals:1)
806 creatures vanquished.

Vanquished Creatures (others)
  3 centaurs
  An adder (D:5)
  A shadow imp (D:11)
  A white imp (IceCv)
  4 ufetubi (IceCv)
  2 giant cockroaches (D:5)
  12 fungi
  14 plants
38 creatures vanquished.

Grand Total: 844 creatures vanquished

Notes
Turn   | Place    | Note
-------+----------+-------------------------------------------
     0 | D:1      | poirepourri the Spriggan Enchanter began the quest for the Orb.
     0 | D:1      | Reached XP level 1. HP: 9/9 MP: 5/5
   851 | D:1      | Reached XP level 2. HP: 13/13 MP: 6/6
   855 | D:1      | Learned a level 2 spell: Ensorcelled Hibernation
   998 | D:1      | Reached skill level 5 in Stealth
  1800 | D:2      | Found a faded altar of an unknown god.
  1807 | D:2      | Reached XP level 3. HP: 16/16 MP: 8/8
  2007 | D:2      | Learned a level 3 spell: Confuse
  2512 | D:2      | Noticed Sigmund
  2674 | D:2      | Killed Sigmund
  2674 | D:2      | Reached skill level 6 in Stealth
  2674 | D:2      | Reached skill level 1 in Ice Magic
  2674 | D:2      | Reached XP level 4. HP: 21/21 MP: 7/10
  2674 | D:2      | Reached XP level 5. HP: 24/24 MP: 7/11
  2763 | D:2      | Learned a level 3 spell: Tukima's Dance
  2790 | D:2      | Found a hazy altar of Hepliaklqana.
  3366 | D:3      | Found a shattered altar of Ashenzari.
  3646 | D:3      | Found a glowing drain.
  3712 | Sewer    | Entered a sewer
  3783 | Sewer    | Reached XP level 6. HP: 28/28 MP: 5/12
  3795 | Sewer    | Reached skill level 7 in Stealth
  4742 | Sewer    | Reached skill level 5 in Dodging
  4742 | Sewer    | Reached XP level 7. HP: 31/32 MP: 6/14
  5179 | D:3      | Learned a level 3 spell: Dazzling Spray
  5508 | D:4      | Noticed wazuzu's ghost (amateur HaAs)
  5510 | D:4      | Found Riut's Weapon Emporium.
  5578 | D:4      | Killed wazuzu's ghost
  5578 | D:4      | Reached skill level 8 in Stealth
  5578 | D:4      | Reached skill level 5 in Hexes
  5716 | D:4      | Found a shadowy altar of Dithmenos.
  6023 | D:4      | Found a snail-covered altar of Cheibriados.
  6023 | D:4      | Found a faded altar of an unknown god.
  6030 | D:4      | Found a faded altar of an unknown god.
  6032 | D:4      | Found a faded altar of an unknown god.
  6034 | D:4      | Found a faded altar of an unknown god.
  6518 | D:5      | Entered Level 5 of the Dungeon
  6549 | D:5      | Reached XP level 8. HP: 37/37 MP: 16/16
  6585 | D:5      | Reached skill level 9 in Stealth
  6585 | D:5      | Reached skill level 5 in Spellcasting
  7272 | D:5      | Noticed Pikel
  7312 | D:5      | Killed Pikel
  7312 | D:5      | Reached skill level 1 in Fighting
  7312 | D:5      | Reached skill level 10 in Stealth
  7602 | D:6      | Noticed Duvessa
  7605 | D:6      | Noticed Dowan
  7609 | D:6      | Killed Duvessa
  7609 | D:6      | Reached skill level 5 in Short Blades
  7609 | D:6      | Reached XP level 9. HP: 41/41 MP: 17/19
  7615 | D:6      | Killed Dowan
  7623 | D:6      | Found a stormy altar of Qazlal.
  7804 | D:6      | Found a bloodstained altar of Trog.
  7873 | D:6      | Found a basalt altar of Yredelemnul.
  8019 | D:6      | Found a runed door.
  8798 | D:6      | Noticed Crazy Yiuf
  8802 | D:6      | Killed Crazy Yiuf
  8802 | D:6      | Reached skill level 11 in Stealth
  9011 | D:3      | Became a worshipper of Ashenzari the Shackled
  9479 | D:7      | Found a staircase to the Ecumenical Temple.
  9489 | Temple   | Entered the Ecumenical Temple
  9704 | D:7      | Found a deep blue altar of Sif Muna.
 10910 | D:8      | Reached * piety under Ashenzari
 11613 | D:8      | Found a sacrificial altar of Ru.
 11740 | D:8      | Reached skill level 12 in Stealth
 11822 | D:8      | Reached XP level 10. HP: 39/46 MP: 7/22
 12016 | D:8      | Found a radiant altar of Vehumet.
 12929 | D:9      | Reached skill level 1 in Conjurations
 12962 | D:9      | Found a staircase to the Lair.
 12963 | D:9      | Identified the +5 halberd "Onlat" {pain, Int+2 Dex+3}
 13312 | D:9      | Noticed a hill giant
 13325 | D:9      | Killed a hill giant
 13440 | D:9      | Reached skill level 13 in Stealth
 13454 | D:9      | Found a staircase to the Orcish Mines.
 13571 | D:9      | Noticed Psyche
 13601 | D:9      | Killed Psyche
 15769 | D:9      | Reached ** piety under Ashenzari
 15960 | D:9      | Found a burning altar of Makhleb.
 16557 | D:9      | Found an opulent altar of Gozag.
 16557 | D:9      | Found a glowing silver altar of Zin.
 16824 | D:10     | Entered Level 10 of the Dungeon
 16827 | D:10     | Reached skill level 14 in Stealth
 16827 | D:10     | Reached XP level 11. HP: 50/50 MP: 25/25
 17092 | D:10     | Noticed a deep elf mage
 17099 | D:10     | Killed a deep elf mage
 18197 | D:11     | Reached skill level 10 in Hexes
 18537 | D:11     | Reached *** piety under Ashenzari
 18566 | D:11     | Noticed a purple ugly thing
 18573 | D:11     | Killed a purple ugly thing
 18737 | D:11     | Learned a level 2 spell: Slow
 19079 | D:11     | Noticed a green ugly thing
 19086 | D:11     | Killed a green ugly thing
 19086 | D:11     | Reached skill level 10 in Spellcasting
 19143 | D:11     | Reached skill level 15 in Stealth
 19160 | D:11     | Noticed an unseen horror
 19170 | D:11     | Killed an unseen horror
 19254 | D:11     | Learned a level 3 spell: Gell's Gravitas
 19259 | D:11     | Learned a level 4 spell: Cause Fear
 19381 | D:11     | Noticed an eight-headed hydra
 19388 | D:11     | Killed an eight-headed hydra
 19474 | D:11     | Noticed a six-headed hydra
 19483 | D:11     | Killed a six-headed hydra
 19483 | D:11     | Reached skill level 1 in Translocations
 20181 | D:11     | Reached XP level 12. HP: 56/56 MP: 23/27
 20315 | D:12     | Reached skill level 16 in Stealth
 21686 | D:12     | Reached **** piety under Ashenzari
 21954 | Lair:1   | Entered Level 1 of the Lair of Beasts
 21956 | Lair:1   | Noticed Gastronok
 21965 | Lair:1   | Killed Gastronok
 22171 | Lair:1   | Noticed Erica
 22191 | Lair:1   | Killed Erica
 22613 | Lair:1   | Reached skill level 17 in Stealth
 22644 | Lair:1   | Noticed brucemayne's ghost (novice DsBe)
 22682 | Lair:1   | Killed brucemayne's ghost
 22682 | Lair:1   | Reached skill level 1 in Shields
 22956 | Lair:1   | Noticed Sonja
 22964 | Lair:1   | Killed Sonja
 22999 | Lair:1   | Noticed p0werm0de's ghost (novice DsAs)
 23013 | Lair:1   | Killed p0werm0de's ghost
 24113 | Lair:2   | Found a frozen archway.
 24117 | Lair:2   | Reached ***** piety under Ashenzari
 24185 | IceCv    | Entered an ice cave
 24832 | Lair:2   | Found a staircase to the Shoals.
 24847 | Lair:2   | Reached XP level 13. HP: 60/60 MP: 30/30
 25445 | Lair:3   | Found a hole to the Spider Nest.
 26500 | Lair:3   | Reached skill level 18 in Stealth
 27265 | Lair:4   | Noticed Urug
 27292 | Lair:4   | Killed Urug
 28360 | Lair:5   | Found a staircase to the Slime Pits.
 29890 | Lair:5   | Reached ****** piety under Ashenzari
 30084 | Lair:4   | Reached skill level 19 in Stealth
 30845 | Lair:5   | Reached XP level 14. HP: 65/65 MP: 32/32
 31186 | Lair:5   | Noticed an entropy weaver
 31518 | Lair:4   | Reached skill level 10 in Dodging
 32768 | Lair:5   | Noticed an entropy weaver
 32781 | Lair:5   | Killed an entropy weaver
 33592 | Lair:5   | Killed an entropy weaver
 33889 | Lair:6   | Entered Level 6 of the Lair of Beasts
 34772 | Lair:6   | Identified the +8 hunting sling "Killer Bee's Death" {speed, *Slow rPois Dex+5 SInv}
 35177 | Lair:6   | Found a blossoming altar of Fedhas.
 37590 | Lair:6   | Reached skill level 20 in Stealth
 37920 | Lair:6   | Reached XP level 15. HP: 65/70 MP: 9/34
 38222 | Lair:6   | Reached skill level 15 in Spellcasting
 39257 | Shoals:1 | Entered Level 1 of the Shoals
 40262 | Shoals:1 | Identified the +7 spear "Ogrebane" {holy, MP+9 Str+8 Int-3}
 41205 | Shoals:2 | Noticed Aizul
 41231 | Shoals:2 | Killed Aizul
 41829 | Shoals:2 | Identified the cursed ring of Teaxtapo {rElec Str-2 Int-4 Dex+6}
 42630 | Shoals:2 | Noticed Polyphemus
 42849 | Shoals:1 | Learned a level 5 spell: Summon Mana Viper
 43990 | Shoals:2 | Noticed a kraken
 43998 | Shoals:2 | Killed a kraken
 44454 | Shoals:3 | Noticed Ilsuiw
 44456 | Shoals:3 | Killed from afar by a water nymph

Vault maps used:
D:1:      dpeg_arrival_court, minmay_misc_feat_four_crosses, minmay_cut_off
D:2:      lemuel_doored_altar, ecumenical_altar_1, uniq_sigmund
D:3:      portal_sewer_entry_f, cheibrodos_ashenzari_chains
D:4:      chequers_temple_overflow_minitemple, serial_shops, shop,
          grunt_dithmenos_smoke
D:5:      first_bread, uniq_pikel
D:6:      lemuel_zombie_altar_yredelemnul, kennysheep_mini_moat,
          old_standard_altar, uniq_duvessa, uniq_crazy_yiuf_cottage
D:7:      lemuel_upstairs_altar, old_standard_altar
D:8:      nicolae_overflow_hidden_temple, nicolae_ru_awakened_eye,
          serial_undead, serial_undead_f, serial_undead_f, serial_undead_f,
          serial_undead_c, serial_undead_b, serial_undead_a, serial_undead_d,
          serial_undead_c, serial_undead_f, serial_undead_b, grunt_pizzeria
D:9:      grunt_temple_overflow_gold_and_silver, makhleb_heckhound_becter,
          grunt_lair_entry_orc_guard_hut, david_orc_2, minmay_variable_closet,
          amethyst_killhole, hangedman_incinerator, uniq_psyche
D:10:     grunt_decor_fettered
D:12:     serial_glass, glass_columns_b, glass_columns_a, glass_columns_c,
          feat_on_display, due_unseen_surprise
Temple:   dpeg_chambers_temple
Lair:1:   special_room, serial_bayou_lake_a, infiniplex_staircase_pool,
          uniq_gastronok, uniq_sonja, uniq_erica
Lair:2:   shoals_dummy_entry, portal_ice_cave_entry_pillars_1
Lair:3:   spider_nest_entry_rubble
Lair:4:   eino_house_with_fridge, lemuel_fruit_fields, uniq_urug
Lair:5:   slime_dummy, minmay_stone_trees_small, zaba_antful_of_joy
Lair:6:   minmay_lair_end_enchanted_forest, basic_altar, grunt_megastairs_4
Shoals:1: nicolae_shoals_water_elemental_grotto
Shoals:2: uniq_polyphemus, uniq_aizul
Shoals:3: nicolae_shoals_island_circles, serial_shops, nicolae_shop_trees,
          kb_tengu_band, uniq_ilsuiw
Sewer:    sewer_minmay_treatment
IceCv:    ice_cave_small_demon

Skill      XL: |  1  2  3  4  5  6  7  8  9 10 11 12 13 14 15 |
---------------+----------------------------------------------+-----
Stealth        | 5 6 7 8 10 12 14 15 17 19 20 | 20.6
Hexes          | 4 5 6 8 9 11 12 13 14 | 14.6
Spellcasting   | 3 4 6 7 9 10 12 13 14 16 | 16.4
Short Blades   | 2 3 5 6 7 8 9 |  9.1
Ice Magic      | 1 2 3 4 |  4.0
Dodging        | 4 5 6 7 8 9 11 12 | 12.0
Fighting       | 1 2 3 4 |  4.5
Conjurations   | 2 3 4 |  4.2
Translocations | 1 |  1.3
Shields        | 1 2 3 4 |  4.3

Action                   |  1- 3 |  4- 6 |  7- 9 | 10-12 | 13-15 || total
-------------------------+-------+-------+-------+-------+-------++-------
Melee: Dagger            |   150 |   155 |   282 |   549 |   963 ||  2099
 Fire: Blowgun           |       |     4 |       |       |       ||     4
 Cast: Ensorcelled Hiber |    26 |    37 |    61 |   111 |   453 ||   688
       Confuse           |     1 |       |    43 |    33 |    38 ||   115
       Dazzling Spray    |       |       |    27 |   183 |   287 ||   497
       Gell's Gravitas   |       |       |       |     4 |       ||     4
       Slow              |       |       |       |     1 |       ||     1
       Cause Fear        |       |       |       |     1 |     8 ||     9
       Corona            |       |       |       |       |     1 ||     1
Invok: Curse Item        |       |       |     6 |     1 |     1 ||     8
  Use: Scroll            |     2 |    13 |    12 |     6 |    20 ||    53
       Potion            |     1 |     1 |     4 |     5 |    17 ||    28
 Stab: Sleeping          |    26 |    21 |    45 |   107 |   201 ||   400
       Distracted        |     2 |       |     1 |     1 |     3 ||     7
       Confused          |     1 |       |    22 |    19 |    18 ||    60
       Invisible         |       |       |     1 |     3 |     7 ||    11
  Eat: Bread ration      |     1 |       |     2 |     2 |     4 ||     9
       Fruit             |       |       |     2 |       |       ||     2
       Pizza             |       |       |       |       |     1 ||     1
Armor: Robe              |    21 |    24 |    22 |    29 |    46 ||   142
Dodge: Dodged            |   108 |   175 |   229 |   544 |   864 ||  1920
Block: Other             |    17 |    24 |    33 |    39 |       ||   113
       Reflection        |     1 |       |     1 |     2 |    17 ||    21
       Buckler           |       |       |       |    84 |   614 ||   698
